 Dungeon Crawl Stone Soup version 0.21-a0-273-g0785366 (webtiles) character file.

2292 MirrMurr the Grappler (level 9, 0/91 HPs)
             Began as a Troll Berserker on Sept 16, 2017.
             Was a Priest of Trog.
             Slain by a yak (6 damage)
             ... on level 6 of the Dungeon.
             The game lasted 00:14:52 (4119 turns).

MirrMurr the Grappler (Troll Berserker)             Turns: 4119, Time: 00:14:52

Health: 0/91       AC:  7    Str: 27    XL:     9   Next: 17%
Magic:  8/8        EV: 10    Int:  4    God:    Trog [***...]
Gold:   216        SH:  0    Dex: 11    Spells: 8/8 levels left

rFire    . . .     SeeInvis .     - Unarmed
rCold    . . .     Gourm    +   (no shield)
rNeg     . . .     Faith    .   w - +2 robe {MR+}
rPois    .         Spirit   .   (helmet restricted)
rElec    .         Reflect  .   (no cloak)
rCorr    .         Harm     .   (gloves unavailable)
MR       +....                  (boots unavailable)
Stlth    +.........             (no amulet)
HPRegen  0.65/turn              (no ring)
MPRegen  0.11/turn              (no ring)

@: no status effects
A: unfitting armour, claws 3, fast metabolism 3, gourmand, regeneration 1,
shaggy fur 1, tough skin 2
a: Berserk, Trog's Hand, Burn Spellbooks, Renounce Religion


You were on level 6 of the Dungeon.
You worshipped Trog.
Trog was most pleased with you.
You were completely stuffed.

You visited 1 branch of the dungeon, and saw 6 of its levels.

You collected 216 gold pieces.

Inventory:

Hand Weapons
 b - a +0 hunting sling
Missiles
 a - 15 sling bullets
 l - 82 stones (quivered)
 z - 21 poisoned needles
Armour
 w - a +2 robe of magic resistance (worn)
 D - a +2 robe of positive energy
Jewellery
 y - an uncursed ring of fire
Wands
 j - a wand of polymorph (10/24)
 o - a wand of flame (26/48)
Scrolls
 h - a scroll of identify
 n - a scroll of fear {unknown}
 p - a scroll of teleportation {unknown}
 r - 3 scrolls of remove curse
 s - a scroll of magic mapping {unknown}
 A - a scroll of recharging {unknown}
 C - 2 scrolls of blinking
 E - a scroll of random uselessness {unknown}
Potions
 f - 3 potions of heal wounds
 g - a potion of brilliance {unknown}
 i - 2 potions of berserk rage {unknown}
 m - a potion of flight {unknown}
 q - a potion of agility {unknown}
 t - a potion of cancellation
 x - a potion of ambrosia {unknown}
 B - a potion of mutation {unknown}
 F - a potion of curing {unknown}
Books
 e - a book of Minor Magic

   Spells                             Type                      Level
   a - Magic Dart                     Conjuration                  1
   b - Blink                          Translocation                2
   c - Call Imp                       Summoning                    2
   d - Slow                           Hexes                        2
   e - Conjure Flame                  Conjuration/Fire             3
   f - Mephitic Cloud                 Conjuration/Poison/Air       3
   Trog disapproves of the use of such an item.
Comestibles
 c - 3 meat rations
 d - 3 chunks of flesh
 k - 17 fruits
 u - 5 bread rations
 v - a royal jelly


   Skills:
 + Level 6.3 Fighting
 - Level 2.4 Dodging
 * Level 10.4 Unarmed Combat


You had 8 spell levels left.
You didn't know any spells.

Dungeon Overview and Level Annotations

Branches:
Dungeon (6/15)
 Temple: D:4-7

Altars:
Dithmenos
Nemelex Xobeh
Okawaru
Qazlal
Sif Muna
Yredelemnul
The Shining One

Shops:
D:4 [


Innate Abilities, Weirdness & Mutations

You are too large for most types of armour.
You have claws for hands.
Your metabolism is lightning-fast.
You like to eat raw meat.
Your natural rate of healing is unusually fast.
You are covered in fur. (AC +1)
You have very tough skin. (AC +2)


Message History

You feel less resistant to hostile enchantments.
The yak gores you.
* * * LOW HITPOINT WARNING * * *
You claw the yak!
The yak is almost dead.
The yak barely misses you.
You scratch the yak.
The yak is almost dead.
The yak misses you.
You claw the yak!
You kill the yak!
Trog accepts your kill.
You mangle the yak!!
The yak is severely wounded.
The yak gores you!
* * * LOW HITPOINT WARNING * * *
You closely miss the yak.
The yak is severely wounded.
The yak gores you.
You die...

#...........
#.
#...........#
##.
#.##.######.#
.(. ... #.#
#.# .(. ###
#.# #.# #.##
#+# #.# #..
#.. ## #Y##
### #.# ##@#
# #.# ##.####
####
#.###.....+
+...
#.#...####
#### #.#.## #
#.### ####
#.## #...
#..# #+# #.##
##.# #.# #.##


You could see a yak.

Vanquished Creatures
  The ghost of dricus the Ruffian, an amateur NaTm (D:3)
  5 yaks (D:6)
  An ice beast (D:5)
  A sky beast (D:5)
  The ghost of dricus the Shooter, an amateur CeHu (D:4)
  3 ogres
  2 scorpions
  A crimson imp (D:5)
  2 orc priests
  2 hounds (D:6)
  9 orc wizards
  Jessica (D:3)
  2 iguanas
  4 worker ants
  9 adders
  A howler monkey skeleton (D:4)
  2 shadow imps
  3 worms (D:5)
  2 dart slugs
  3 leopard geckos
  20 orcs
  3 ball pythons
  2 giant cockroaches
  9 goblins
  8 hobgoblins
  9 jackals
  4 quokkas
  4 bats
  4 frilled lizards
  4 kobolds
  3 quokka skeletons (D:5)
  5 rats
130 creatures vanquished.

Vanquished Creatures (others)
  An orc wizard (D:4)
1 creature vanquished.

Grand Total: 131 creatures vanquished

Notes
Turn   | Place    | Note
-------+----------+-------------------------------------------
     0 | D:1      | MirrMurr the Troll Berserker began the quest for the Orb.
     0 | D:1      | Reached XP level 1. HP: 22/22 MP: 0/0
   211 | D:1      | Reached XP level 2. HP: 29/29 MP: 1/1
   593 | D:1      | Found a sparkling altar of Nemelex Xobeh.
   899 | D:2      | Reached XP level 3. HP: 35/36 MP: 2/2
   936 | D:2      | Reached skill level 4 in Unarmed Combat
  1274 | D:2      | Found a stormy altar of Qazlal.
  1341 | D:2      | Reached XP level 4. HP: 16/45 MP: 3/3
  1892 | D:3      | Found a glowing golden altar of the Shining One.
  1962 | D:3      | Reached ** piety under Trog
  2092 | D:3      | Noticed dricus's ghost (amateur NaTm)
  2108 | D:3      | Killed dricus's ghost
  2108 | D:3      | Reached skill level 5 in Unarmed Combat
  2108 | D:3      | Reached XP level 5. HP: 53/53 MP: 4/4
  2348 | D:3      | Noticed Jessica
  2354 | D:3      | Killed Jessica
  2354 | D:3      | Reached XP level 6. HP: 52/62 MP: 5/5
  2437 | D:3      | Found a deep blue altar of Sif Muna.
  2480 | D:4      | Reached skill level 6 in Unarmed Combat
  2493 | D:4      | Noticed dricus's ghost (amateur CeHu)
  2498 | D:4      | Killed dricus's ghost
  2528 | D:4      | Reached XP level 7. HP: 64/70 MP: 6/6
  2682 | D:4      | Reached skill level 7 in Unarmed Combat
  3009 | D:4      | Found Tuperuh's Armour Shop.
  3048 | D:5      | Entered Level 5 of the Dungeon
  3142 | D:5      | Reached *** piety under Trog
  3157 | D:5      | Reached skill level 5 in Fighting
  3157 | D:5      | Reached skill level 8 in Unarmed Combat
  3161 | D:5      | Reached XP level 8. HP: 50/80 MP: 7/7
  3317 | D:5      | Found an iron altar of Okawaru.
  3535 | D:5      | Reached skill level 9 in Unarmed Combat
  3729 | D:6      | Noticed a hand axe
  3731 | D:6      | Noticed a dagger
  3887 | D:6      | Found a basalt altar of Yredelemnul.
  3887 | D:6      | Found a shadowy altar of Dithmenos.
  4108 | D:6      | Reached skill level 10 in Unarmed Combat
  4108 | D:6      | Reached XP level 9. HP: 16/89 MP: 8/8
  4119 | D:6      | Slain by a yak

Vault maps used:
D:1:      minmay_arrival_four_loops, nemelex_diamond_rough_becter
D:2:      nicolae_qazlal_eye_of_the_storm
D:3:      old_standard_altar, bh_chokoban, led_sif_pool, uniq_jessica
D:4:      first_bread, serial_shops, nicolae_shop_behind_doors
D:5:      kennysheep_nub, okawaru_gym_becter
D:6:      dancing_weapons_uskayaw, chequers_temple_overflow_statue_of_worship

Skill      XL: |  1  2  3  4  5  6  7  8 |
---------------+-------------------------+-----
Unarmed Combat | 4 5 6 8 10 | 10.4
Fighting       | 3 4 5 6 |  6.3
Dodging        | |  2.4

Action                   |  1- 3 |  4- 6 |  7- 9 || total
-------------------------+-------+-------+-------++-------
Melee: Unarmed           |    77 |    83 |   156 ||   316
       Punch             |     3 |     1 |     6 ||    10
 Fire: Hunting sling     |       |       |    85 ||    85
Throw: Stone             |       |       |     5 ||     5
Invok: Berserk           |     1 |     1 |     1 ||     3
       Trog's Hand       |       |     2 |     3 ||     5
  Use: Scroll            |       |     3 |     4 ||     7
       Potion            |       |       |     1 ||     1
  Eat: Chunk             |    18 |    13 |    17 ||    48
Armor: Animal skin       |     7 |       |       ||     7
       Robe              |     7 |    39 |    40 ||    86
Dodge: Dodged            |    38 |    40 |    52 ||   130

Table legend:
 A = Spawn XP
 B = Non-spawn XP
 C = Spawn XP percentage of total XP
 D = Spawn monster count
 E = Non-spawn monster count
 F = Spawn count percentage of total count
 G = Total turns spent on level
                    A         B        C        D         E        F      G
               +---------+---------+-------+---------+---------+-------+---------
         Total |       0 |    3275 |   0.0 |       0 |     131 |   0.0 |  4119
               +---------+---------+-------+---------+---------+-------+---------
           D:1 |       0 |      24 |   0.0 |       0 |      13 |   0.0 |   792
           D:2 |       0 |     100 |   0.0 |       0 |      20 |   0.0 |   918
           D:3 |       0 |     289 |   0.0 |       0 |      19 |   0.0 |   767
           D:4 |       0 |     587 |   0.0 |       0 |      29 |   0.0 |   578
           D:5 |       0 |     958 |   0.0 |       0 |      33 |   0.0 |   674
           D:6 |       0 |    1317 |   0.0 |       0 |      17 |   0.0 |   390
               +---------+---------+-------+---------+---------+-------+---------
